 Dungeon Sprint DCSS version 0.14-a0-1876-g927fc3a (webtiles) character file.

396 Mitsuki the Jinx (level 5, -15/25 HPs)
             Began as a Spriggan Enchanter on Jan 15, 2014.
             Demolished by a giant amoeba (22 damage)
             ... in the Dungeon (Sprint I: "Red Sonja").
             The game lasted 00:02:20 (143 turns).

Mitsuki the Jinx (Spriggan Enchanter)                Turns: 143, Time: 00:02:21

HP -15/25        AC  2     Str  5      XL: 5   Next: 51%
MP  12/14        EV 18     Int 16      God:
Gold 193         SH  0     Dex 17      Spells:  2 memorised,  6 levels left

rFire  . . .     SeeInvis +     a - +1 dagger
rCold  . . .     Clarity  .     j - +0 robe {rN+}
rNeg   + . .     Conserve .     (shield restricted)
rPois  .         rCorr    .     (helmet restricted)
rElec  .         rRot     .     (no cloak)
SustAb . .       Spirit   .     (gloves unavailable)
rMut   .         Warding  .     (boots unavailable)
Saprov . . .     NoTele   +     (no amulet)
MR     .....                    (no ring)
                                (no ring)

@: very quick, not resistant to hostile enchantments, extremely stealthy
A: unfitting armour, see invisible, herbivore 3, speed 3, slow metabolism 2
a: no special abilities


You were in the Dungeon.
You were not hungry.

You visited 1 branch You collected 193 gold pieces.

Inventory:

Hand weapons
 a - a +1,+1 dagger (weapon)
Missiles
 d - 12 darts (quivered)
Armour
 j - a +0 robe of positive energy (worn)
Scrolls
 k - a scroll of blinking
Potions
 e - a potion of porridge
 f - 2 potions of curing
 g - a potion of heal wounds
 h - a potion of speed
 i - 2 potions of magic
Books
 c - a book of Maledictions

   Spells                             Type                      Level
   *Corona                            Hexes                        1
   Sure Blade                         Hexes/Charms                 2
   *Ensorcelled Hibernation           Hexes/Ice                    2
   Confuse                            Hexes                        3
   Enslavement                        Hexes                        4
   Invisibility                       Hexes                        6


   Skills:
 - Level 1.1 Fighting
 + Level 1.1 Short Blades
 - Level 1.1 Throwing
 - Level 3.0 Dodging
 + Level 10.7 Stealth
 - Level 2.6 Spellcasting
 + Level 11.3 Hexes
 - Level 0.1 Ice Magic


You had 6 spell levels left.
You knew the following spells:

 Your Spells              Type           Power        Failure   Level  Hunger
a - Corona                Hex            #####..      1%          1    #......
b - Ensorcelled Hibernat  Hex/Ice        ###...       3%          2    ##.....


Dungeon Overview and Level Annotations

Branches:
Dungeon (1/1)

Altars:
Cheibriados
Kikubaaqudgha
Okawaru
Sif Muna
Xom
Zin


Innate Abilities, Weirdness & Mutations

You are tiny and cannot use many weapons and most armour.
You have supernaturally acute eyesight.
You are a herbivore.
You cover ground extremely quickly.
You need consume almost no food.


Message History

You see here 24 bolts.
There is an open door here.
You open the door.
A giant amoeba comes into view.
Found an iron altar of Okawaru and a snail-covered altar of Cheibriados.
Found an ancient bone altar of Kikubaaqudgha and a glowing silver altar of Zin.
There is an open door here.
The giant amoeba quivers.
The giant amoeba hits you!
Ouch! That really hurt!
* * * LOW HITPOINT WARNING * * *
Casting: Ensorcelled Hibernation
Confirm with . or Enter, or press ? or * to list all spells.
Aiming: Ensorcelled Hibernation
Press: ? - help, Shift-Dir - straight line, f - giant amoeba
Aim: a giant amoeba The giant amoeba resists with almost no effort.
The giant amoeba hits you!
Ouch! That really hurt!
You die...

###################
#<.#..').#.['..#__#
#..'%.#..'..#..'@J+
#..#####'#####'#__#
#..# #..# #.####
#..# #### ##(#§≈§
#..# #+#..+§§ #⌠⌠#
+..._# #### #_.#'#
##+#.# ###


You could see a giant amoeba.

Vanquished Creatures
  An ogre (D)
  Sigmund (D)
  A jelly (D)
  Ijyb (D)
4 creatures vanquished.

Notes
Turn   | Place    | Note
--------------------------------------------------------------
     0 | D        | Mitsuki, the Spriggan Enchanter, began the quest for the Orb.
     0 | D        | Reached XP level 1. HP: 9/9 MP: 4/4
     1 | D        | Noticed Ijyb
    12 | D        | Killed Ijyb
    12 | D        | Reached skill level 8 in Stealth
    12 | D        | Reached XP level 2. HP: 13/13 MP: 5/7
    44 | D        | Learned a level 2 spell: Ensorcelled Hibernation
    48 | D        | Noticed an ogre
    56 | D        | Killed an ogre
    56 | D        | Reached skill level 1 in Fighting
    56 | D        | Reached skill level 9 in Stealth
    56 | D        | Reached XP level 3. HP: 16/18 MP: 6/9
    56 | D        | Reached XP level 4. HP: 19/22 MP: 8/12
    96 | D        | Noticed Sigmund
    99 | D        | Killed Sigmund
    99 | D        | Reached skill level 10 in Stealth
    99 | D        | Reached skill level 10 in Hexes
    99 | D        | Reached XP level 5. HP: 23/25 MP: 14/14
   119 | D        | Found a shimmering altar of Xom.
   120 | D        | Noticed a jelly
   121 | D        | Found a deep blue altar of Sif Muna.
   127 | D        | Killed a jelly
   127 | D        | Reached skill level 11 in Hexes
   140 | D        | Found an iron altar of Okawaru.
   140 | D        | Found a snail-covered altar of Cheibriados.
   140 | D        | Noticed a giant amoeba
   141 | D        | Found an ancient bone altar of Kikubaaqudgha.
   141 | D        | Found a glowing silver altar of Zin.
   143 | D        | Demolished by a giant amoeba

Action                   |  1- 3 |  4- 6 || total
-------------------------+-------+-------++-------
Melee: Dagger            |    15 |     2 ||    17
 Cast: Corona            |     1 |       ||     1
       Ensorcelled Hiber |     1 |     1 ||     2
  Use: Potion            |     1 |       ||     1
 Stab: Sleeping          |     1 |     2 ||     3
